 Dungeon Crawl Stone Soup version 0.19-a0-867-g949743d (webtiles) character file.

62 matakusis the Ducker (level 3, -2/28 HPs)
             Began as a Demonspawn Gladiator on July 3, 2016.
             Succumbed to Terence's poison
             ... on level 2 of the Dungeon.
             The game lasted 00:03:48 (949 turns).

matakusis the Ducker (Demonspawn Gladiator)          Turns: 949, Time: 00:03:48

Health: -2/28      AC:  5    Str: 15    XL:     3   Next: 85%
Magic:  3/3        EV: 13    Int:  9    God:
Gold:   57         SH:  0    Dex: 14    Spells: 0 memorised, 2 levels left

rFire  . . .     SeeInvis .     a - +0 long sword
rCold  . . .     Gourm    .     b - +0 leather armour
rNeg   . . .     Faith    .     (no shield)
rPois  .         Spirit   .     c - +0 helmet
rElec  .         Dismiss  .     (no cloak)
rCorr  .         Reflect  .     (no gloves)
SustAt .         Harm     .     m - +0 pair of boots
MR     .....                    (no amulet)
Stlth  +.........               (no ring)
                                (no ring)

@: lethally poisoned (-2 -> -33), not resistant to hostile enchantments, very
unstealthy
A: demonic guardian 1, powered by death 1
a: no special abilities


You were on level 2 of the Dungeon.
You were hungry.

You visited 1 branch of the dungeon, and saw 2 of its levels.

You collected 57 gold pieces.

Inventory:

Hand Weapons
 a - a +0 long sword (weapon)
Missiles
 d - 3 throwing nets (quivered)
 l - 2 javelins of penetration
Armour
 b - a +0 leather armour (worn)
 c - a +0 helmet (worn)
 m - a +0 pair of boots (worn)
Scrolls
 g - 2 scrolls of identify {unknown}
 j - a scroll of teleportation {unknown}
 k - a scroll of remove curse {unknown}
 n - a scroll of magic mapping {unknown}
Potions
 e - a potion of agility {unknown}
Comestibles
 f - a bread ration
 h - 3 fruits
 i - 3 chunks of flesh


   Skills:
 * Level 2.5 Fighting
 + Level 3.2 Long Blades
 + Level 1.7 Throwing
 + Level 0.8 Armour
 * Level 3.4 Dodging


You had 2 spell levels left.
You didn't know any spells.

Dungeon Overview and Level Annotations

Branches:
Dungeon (2/15)

Altars:

Annotations:
D:2 Terence


Innate Abilities, Weirdness & Mutations

A weak demonic guardian rushes to your aid.
You regenerate a little health from kills.


Message History

You hit Terence but do no damage.
You feel sick. Terence closely misses you.
You riposte.
You hit Terence but do no damage.
Your crimson imp hits Terence but does no damage.
You hit Terence but do no damage.
You feel sick.
Terence hits you with a trident of venom.
You are more poisoned.
Your crimson imp hits Terence but does no damage.
Terence hits you but does no damage.
You are more poisoned.
* * * LOW HITPOINT WARNING * * *
You feel very sick.
Your crimson imp hits Terence but does no damage.
* * * LOW HITPOINT WARNING * * *
You feel very sick.
Terence hits your crimson imp but does no damage.
Your crimson imp hits Terence but does no damage.
Your crimson imp disappears in a puff of smoke!
* * * LOW HITPOINT WARNING * * *
You feel sick.
You die...

#...........#
.#####...........#
.......#...>....#
.......#........##
..........)......#
.................#
.......#........##
.......##..##..##
#......)@#.#.###
#...##.5.#...#
#.#. #...###.# # #
#.......#
#@.###### #..#
#..# #..# #....#


You could see Terence and a friendly white imp.

Vanquished Creatures
  2 oozes (D:1)
  4 dart slugs (D:1)
  3 bats (D:1)
  5 giant cockroaches (D:1)
  6 hobgoblins
  4 jackals (D:1)
  3 kobolds (D:1)
  2 ball pythons (D:1)
  2 giant newts
  4 goblins
  7 rats (D:1)
42 creatures vanquished.

Notes
Turn   | Place    | Note
-------+----------+-------------------------------------------
     0 | D:1      | matakusis the Demonspawn Gladiator began the quest for the Orb.
     0 | D:1      | Reached XP level 1. HP: 16/16 MP: 1/1
    98 | D:1      | Gained mutation: A weak demonic guardian rushes to your aid. [demonic ancestry]
    98 | D:1      | Reached XP level 2. HP: 15/22 MP: 2/2
   288 | D:1      | Gained mutation: You regenerate a little health from kills. [demonic ancestry]
   288 | D:1      | Reached XP level 3. HP: 18/28 MP: 3/3
   933 | D:2      | Noticed Terence
   948 | D:2      | HP: 1/28 [poisoned by Terence]
   949 | D:2      | Succumbed to Terence's poison

Vault maps used:
D:1:      lemuel_arrival_river_ford, kennysheep_boxes
D:2:      minmay_crystal_room, st_stairs_5, uniq_terence

Skill      XL: |  1  2 |
---------------+-------+-----
Dodging        | 3 |  3.4
Long Blades    | 3 |  3.2
Fighting       | |  2.5
Throwing       | |  1.7
Armour         | |  0.8

Action                   || total
-------------------------++-------
Melee: Long sword        ||   158
 Stab: Sleeping          ||     1
Armor: Leather armour    ||    44
Dodge: Dodged            ||    84
